Map: New Repugnancy LE

Players

Temujin

  • Race: Zerg Zerg
  • League: Platinum
  • Spawn Location: 1:00

marjag - Winner!

  • Race: Terran Terran
  • League: Diamond
  • Spawn Location: 7:00

VOD

Have the link to the VOD?

Description

I played terribly. Please meme this, but also give me some tips, because I'm sure anyone with a brain should've won that

Time

  • Played on: March 1, 2019, 1:27 p.m.
  • Length: 32:09
Show
View Real Time Build Order
Export as new Build Order

Temujin Zerg 

Build Orders: Hatch First 

Get SALT Encoding   

  12  0:00  Drone  
  13  0:13  Overlord  
  13  0:16  Drone  
  14  0:31  Drone x2  
  14  0:35  Drone  
  17  0:54  Hatchery  
  16  0:57  Drone  
  16  1:00  Drone  
  18  1:11  Extractor  
  18  1:16  Spawning Pool  
  16  1:19  Drone  
  16  1:22  Drone  
  18  1:29  Drone  
  19  1:39  Overlord  
  19  1:55  Overlord  
  19  2:05  Zergling x2  
  19  2:06  Zergling x2  
  21  2:12  Zergling x2  
  22  2:17  Zergling x2  
  23  2:26  Roach Warren  
  23  2:27  Baneling Nest, Drone  
  22  2:31  Queen  
  23  2:39  Zergling x6  
  26  2:44  Overlord  
  26  2:55  Zergling x4  
  26  3:07  Roach  
  26  3:08  Roach  
  30  3:17  Roach x2  
  33  3:28  Lair  
  33  3:35  Roach  
  33  3:51  Roach x3  
  39  4:03  Baneling  
  39  4:04  Baneling  
  39  4:07  Extractor  
  38  4:15  Baneling  
  27  4:38  Roach  
  27  4:39  Roach  
  27  4:41  Hatchery  
  30  4:56  Roach  
  30  4:57  Roach  
  34  5:05  Spore Crawler  
  34  5:06  Queen  
  31  5:47  Hydralisk Den  
  31  5:48  Hatchery  
  29  5:54  Spore Crawler  
  28  5:59  Drone x4  
  32  6:16  Hydralisk  
  33  6:27  Hydralisk x2  
  37  6:41  Drone x3  
  37  6:45  Overseer  
  40  6:57  Hydralisk  
  42  7:28  Grooved Spines  
  42  7:32  Hydralisk x2  
  46  8:06  Overlord  
  46  8:07  Overlord  
  46  8:30  Hatchery  
  45  8:37  Zergling x8  
  45  8:39  Muscular Augments  
  49  9:30  Drone x5  
  54  9:38  Hatchery  
  53  9:47  Drone x3  
  56  10:05  Evolution Chamber  
  55  10:10  Glial Reconstitution  
  53  10:24  Drone x7  
  60  10:31  Zerg Missile Weapons Level 1  
  60  10:41  Queen  
  62  10:43  Drone  
  63  10:52  Drone x4  
  67  11:09  Hydralisk  
  67  11:10  Hydralisk x2  
  73  11:14  Overlord x2  
  73  11:19  Overlord  
  73  11:37  Drone x10  
  76  11:43  Hydralisk  
  76  11:45  Overlord  
  77  11:54  Spore Crawler  
  77  11:55  Spore Crawler  
  77  11:58  Spine Crawler, Drone x3  
  78  12:11  Hydralisk  
  80  12:21  Drone  
  81  12:30  Overlord  
  81  12:31  Overlord x4  
  81  13:00  Hydralisk x2  
  81  13:01  Hydralisk x7  
  99  13:11  Drone x6  
  105  13:14  Extractor  
  105  13:15  Extractor  
  105  13:16  Overseer  
  105  13:17  Hydralisk Den  
  92  13:38  Drone x8  
  98  13:43  Pneumatized Carapace  
  98  13:50  Drone x4  
  98  13:51  Drone x5  
  107  13:55  Zerg Missile Weapons Level 2  
  107  14:01  Infestation Pit  
  106  14:15  Hatchery  
  105  14:36  Queen  
  107  14:39  Hatchery, Pathogen Glands  
  107  14:43  Hydralisk x4  
  107  14:44  Hydralisk x3  
  110  15:30  Drone x2  
  110  15:31  Drone x8  
  120  15:36  Neural Parasite  
  120  15:53  Drone x6  
  120  15:54  Overlord x5  
  120  15:55  Overlord x2  
  126  16:08  Overlord  
  126  16:09  Overlord  
  126  16:11  Extractor, Queen  
  126  16:13  Extractor  
  126  16:15  Hydralisk  
  126  16:16  Hydralisk x11  
  150  16:21  Hive  
  150  16:22  Overseer  
  145  16:52  Spore Crawler  
  133  16:57  Hydralisk x9  
  133  16:58  Hydralisk x9  
  133  17:01  Spore Crawler  
  132  17:50  Hydralisk x8  
  144  17:56  Drone  
  144  17:57  Drone  
  146  18:12  Zerg Missile Weapons Level 3  
  146  18:18  Extractor  
  145  18:20  Extractor  
  145  18:23  Drone x5  
  149  18:32  Drone x4  
  150  19:14  Zergling x8  
  150  19:15  Zergling x10  
  129  19:25  Hydralisk x7  
  129  19:26  Hydralisk x2  
  131  19:43  Hydralisk  
  131  19:44  Hydralisk  
  131  19:50  Overlord  
  127  19:58  Hydralisk  
  127  19:59  Hydralisk  
  103  20:35  Overlord x2  
  95  20:52  Queen  
  95  20:53  Queen  
  95  20:55  Drone x2  
  95  20:56  Drone x3  
  96  21:22  Hydralisk  
  96  21:23  Hydralisk x2  
  82  21:31  Hydralisk  
  82  21:32  Hydralisk  
  66  21:45  Hydralisk x3  
  72  22:05  Hydralisk x3  
  60  22:27  Extractor  
  59  22:55  Hatchery, Drone x6  
  60  23:06  Hydralisk x7  
  74  23:26  Hydralisk  
  74  23:27  Hydralisk x3  
  83  23:36  Queen  
  83  23:40  Hatchery  
  84  23:41  Zerg Ground Armor Level 1  
  70  24:23  Hydralisk x2  
  70  24:24  Hydralisk x6  
  69  25:07  Extractor  
  69  25:09  Extractor, Spore Crawler  
  69  25:11  Spore Crawler  
  69  25:12  Drone x6  
  69  25:13  Spore Crawler  
  70  25:41  Hydralisk x2  
  74  25:46  Hatchery  
  73  25:55  Hydralisk x3  
  65  26:29  Hydralisk  
  65  26:30  Hydralisk x5  
  73  27:14  Hydralisk  
  73  27:15  Hydralisk x3  
  81  27:22  Extractor  
  81  27:29  Extractor  
  59  28:26  Hydralisk  
  59  28:27  Hydralisk x5  
  55  28:33  Hydralisk  
  65  29:23  Hatchery  
  62  29:24  Hydralisk  
  62  29:25  Hydralisk x3  
  56  29:39  Queen  
  51  30:16  Hatchery, Hydralisk  
  51  30:17  Hydralisk x5  
  62  30:41  Zergling x14  
  69  31:00  Baneling x2  
  69  31:01  Baneling x9  
  69  31:03  Baneling  
  69  31:05  Baneling  
  62  31:27  Hydralisk  
  62  31:28  Hydralisk x2  
  68  31:37  Zergling x4  
Show
View Real Time Build Order
Export as new Build Order

marjag Terran - Winner!

Build Orders:  

Get SALT Encoding   

  12  0:03  SCV  
  13  0:15  SCV  
  13  0:19  Supply Depot  
  14  0:27  SCV  
  15  0:44  Barracks  
  15  0:50  Barracks  
  15  0:53  SCV  
  16  1:05  SCV  
  17  1:14  Refinery  
  17  1:17  SCV  
  18  1:30  Marine  
  19  1:37  Marine  
  19  1:38  Supply Depot  
  20  1:41  SCV  
  21  1:48  Marine  
  21  1:52  Bunker  
  21  1:53  Bunker  
  22  1:55  Marine  
  23  2:06  SCV, Marine  
  25  2:18  SCV  
  26  2:24  Marine  
  27  2:43  Marine  
  28  2:57  Command Center  
  28  3:01  Marine  
  29  3:05  Factory  
  29  3:07  Refinery  
  29  3:11  Engineering Bay  
  29  3:21  Marine  
  30  3:39  Marine  
  30  3:40  Bunker  
  31  3:57  Starport  
  31  4:05  Factory Tech Lab  
  31  4:09  SCV  
  32  4:11  Refinery  
  32  4:13  SCV  
  33  4:27  Planetary Fortress  
  29  4:36  Bunker, Starport Tech Lab  
  26  4:40  Marine  
  26  4:45  Planetary Fortress  
  25  4:58  Banshee, Marine  
  28  5:25  Missile Turret  
  28  5:26  SCV  
  29  5:31  Barracks Reactor  
  29  5:34  Starport  
  29  5:38  SCV  
  30  5:51  SCV  
  31  6:14  SCV  
  31  6:16  Marine  
  31  6:17  Marine  
  34  6:18  Starport Tech Lab  
  34  6:25  Bunker  
  34  6:26  SCV  
  35  6:34  Marine x2  
  35  6:36  Siege Tank  
  35  6:39  Starport  
  40  6:41  Terran Infantry Weapons Level 1  
  40  6:43  SCV  
  39  6:52  Marine  
  39  6:55  SCV  
  39  6:58  Starport Reactor  
  40  7:05  Marine  
  40  7:06  Marine  
  40  7:08  SCV  
  43  7:20  SCV  
  46  7:45  SCV  
  45  7:52  Supply Depot  
  45  8:02  Missile Turret  
  42  8:19  Command Center  
  42  8:20  Viking  
  42  8:21  Viking  
  46  8:28  Supply Depot, Starport Tech Lab  
  46  8:33  Fusion Core  
  46  8:42  SCV  
  47  8:50  Viking  
  47  8:51  Viking  
  47  8:54  SCV  
  49  9:06  SCV  
  50  9:18  SCV  
  50  9:20  Viking x2  
  50  9:23  Siege Tank  
  55  9:27  Battlecruiser  
  61  9:31  Supply Depot  
  61  9:35  Missile Turret  
  61  9:52  Planetary Fortress  
  60  9:55  Missile Turret  
  60  10:02  SCV  
  61  10:09  Missile Turret  
  61  10:14  SCV  
  61  10:16  Barracks  
  61  10:17  Refinery  
  62  10:25  Missile Turret  
  62  10:30  Refinery  
  62  10:45  Supply Depot  
  62  10:46  Battlecruiser  
  68  10:50  Barracks Tech Lab  
  68  10:54  SCV  
  69  11:07  SCV  
  64  11:19  SCV  
  61  11:45  Marauder  
  61  11:49  Missile Turret  
  61  11:51  SCV  
  62  11:57  Battlecruiser  
  62  11:58  Weapon Refit  
  68  12:01  Armory  
  68  12:02  Liberator  
  68  12:03  SCV  
  68  12:05  Supply Depot  
  68  12:06  Marauder  
  71  12:09  Combat Shield  
  71  12:13  SCV  
  71  12:15  SCV  
  76  12:25  SCV  
  76  12:27  SCV  
  78  12:32  Missile Turret  
  78  12:38  Marine  
  78  12:39  SCV  
  78  12:43  Advanced Ballistics  
  80  12:51  Starport  
  80  12:54  SCV  
  81  13:01  Terran Ship Weapons Level 1  
  81  13:06  SCV  
  82  13:18  SCV  
  82  13:19  Battlecruiser  
  89  13:22  Liberator  
  89  13:30  SCV  
  90  13:44  Starport Tech Lab  
  90  13:52  Command Center  
  90  14:03  Refinery  
  90  14:07  SCV  
  90  14:08  Refinery  
  91  14:11  Supply Depot  
  91  14:15  Supply Depot  
  91  14:19  SCV  
  91  14:20  Battlecruiser  
  98  14:25  Marine  
  98  14:27  SCV  
  101  14:31  SCV  
  101  14:33  Battlecruiser  
  107  14:43  SCV  
  107  14:46  Marauder  
  107  14:55  SCV  
  107  15:01  Supply Depot  
  107  15:07  SCV  
  102  15:19  SCV  
  102  15:20  Liberator  
  101  15:23  Terran Ship Weapons Level 2  
  101  15:25  Battlecruiser, Refinery  
  101  15:28  Marauder  
  106  15:29  Cyclone  
  106  15:31  SCV  
  106  15:35  Command Center  
  110  15:37  Battlecruiser  
  119  15:44  SCV  
  120  16:04  Command Center  
  120  16:06  Bunker  
  120  16:10  Marine  
  121  16:11  Terran Infantry Weapons Level 2  
  121  16:25  SCV  
  121  16:28  Marine  
  123  16:37  Missile Turret  
  123  16:38  SCV  
  121  17:15  Liberator x2  
  115  17:36  Marauder  
  117  17:38  Stimpack  
  117  17:44  Planetary Fortress  
  110  17:57  Marauder  
  112  18:09  Battlecruiser, Command Center  
  118  18:15  Battlecruiser  
  118  18:18  Marauder  
  126  18:23  Starport  
  126  18:27  Starport  
  126  18:28  Terran Infantry Armor Level 1  
  126  18:40  Marauder  
  126  18:41  SCV  
  129  18:45  Refinery  
  129  18:50  Terran Ship Weapons Level 3  
  129  18:53  SCV x2  
  131  19:01  Marauder  
  131  19:05  SCV  
  128  19:17  SCV  
  123  19:29  SCV  
  124  19:43  Liberator x2  
  91  20:03  Planetary Fortress  
  93  20:07  Missile Turret  
  70  20:27  Starport Tech Lab  
  70  20:28  Starport Tech Lab, Refinery  
  70  20:36  Battlecruiser  
  70  20:37  Orbital Command  
  70  20:40  Cyclone  
  73  20:55  Viking x2  
  71  21:00  SCV  
  72  21:05  Missile Turret  
  72  21:10  SCV  
  73  21:12  SCV, Siege Tank  
  73  21:14  SCV  
  78  21:22  SCV  
  78  21:24  SCV  
  80  21:25  Refinery  
  80  21:26  SCV  
  80  21:27  Terran Vehicle And Ship Armor Level 1  
  81  21:34  SCV  
  81  21:36  SCV  
  83  21:44  Thor  
  83  21:46  SCV  
  90  21:58  Battlecruiser, SCV  
  90  21:59  Battlecruiser  
  103  22:02  Battlecruiser  
  105  22:16  Viking x2  
  105  22:22  SCV  
  107  22:26  Barracks  
  107  22:34  SCV  
  105  22:37  SCV  
  106  22:46  SCV, Viking  
  106  22:49  SCV  
  110  22:59  SCV  
  111  23:08  Viking  
  111  23:11  SCV  
  114  23:16  Barracks  
  114  23:23  Battlecruiser  
  114  23:25  Battlecruiser, Orbital Command  
  123  23:34  Barracks Reactor  
  123  23:41  Terran Vehicle And Ship Armor Level 2  
  123  23:45  Viking  
  125  24:08  Supply Depot  
  111  24:40  Viking x2  
  115  24:52  SCV  
  116  24:57  Marine x2  
  118  25:01  Barracks Reactor  
  118  25:03  Battlecruiser  
  118  25:04  SCV  
  125  25:10  Viking x2  
  125  25:12  Battlecruiser  
  135  25:15  Supply Depot, Marine x2  
  135  25:16  SCV  
  138  25:29  SCV  
  138  25:33  Command Center, Marine x2  
  141  25:38  Supply Depot  
  141  25:40  Refinery  
  141  25:41  SCV  
  141  25:42  Refinery  
  142  25:43  Refinery  
  142  25:46  Refinery  
  142  25:51  Marine x2  
  142  25:53  SCV  
  142  25:55  Marine x2  
  147  25:58  Terran Vehicle Weapons Level 1  
  147  26:00  Concussive Shells  
  147  26:01  Supply Depot, Marauder  
  149  26:05  SCV  
  149  26:09  Marine x2  
  152  26:12  Marine  
  152  26:13  Marine  
  152  26:14  Starport x2  
  152  26:17  SCV  
  155  26:23  Marauder  
  145  26:26  Marine  
  145  26:29  SCV  
  145  26:30  Marine x2  
  141  26:44  Marauder  
  143  26:48  Marine x2  
  145  26:58  Viking x2  
  149  27:02  Rapid Reignition System  
  149  27:04  Starport Reactor  
  149  27:06  Cloaking Field, Marauder  
  151  27:08  Hyperflight Rotors  
  151  27:11  Supply Depot  
  151  27:18  Starport Tech Lab  
  151  27:20  Terran Infantry Weapons Level 3  
  151  27:22  Marine x2  
  153  27:26  Battlecruiser  
  153  27:27  Marauder  
  153  27:28  Battlecruiser, Viking x2  
  177  27:30  Battlecruiser  
  177  27:32  Battlecruiser  
  177  27:40  Marine x2  
  178  27:57  Marine  
  178  27:58  Marine, Viking x2  
  172  28:15  Marine x2  
  168  28:25  Medivac x2  
  160  28:28  Viking x2  
  160  28:46  Marine x2  
  161  28:51  Supply Depot  
  161  28:55  Medivac x2  
  163  28:56  Terran Vehicle And Ship Armor Level 3  
  163  29:04  Marine x2  
  163  29:09  Corvid Reactor  
  165  29:14  Supply Depot  
  165  29:16  Battlecruiser  
  171  29:18  Battlecruiser  
  167  29:25  Marine x2, Medivac x2  
  167  29:28  Marine x2  
  163  29:43  Marine x2  
  159  29:46  Marine x2  
  161  29:54  Medivac  
  161  29:55  Medivac  
  161  30:01  Supply Depot, Marine x2  
  161  30:04  Marine x2  
  161  30:10  Marauder  
  163  30:19  Battlecruiser, Marine x2  
  163  30:21  Battlecruiser  
  177  30:22  Marine x2  
  177  30:23  Battlecruiser  
  185  30:31  Marauder  
  182  30:37  Marine x2  
  182  30:39  Marine x2  
  184  30:53  Marauder  
  184  30:54  Marine x2  
  188  30:57  Marine x2  
  190  31:14  Marauder  
  177  31:35  Marauder  
Tags
 
Add a new tag
Caveats
  • Supply blocks, unpowered buildings, or Contaminate may cause inaccurate times.
  • Supply counts are checked every 10 seconds.